 Dungeon Crawl Stone Soup version 0.31-a0-1529-g7bd419a0e5 (webtiles) character file.

Game seed: 1204809175499338544

128 avis the Changeling (level 4, 22/22 HPs)
             Began as a Felid Shapeshifter on Dec 31, 2023.
             Got out of the dungeon alive.
             The game lasted 00:16:28 (2780 turns).

avis the Changeling (Felid Shapeshifter)            Turns: 2780, Time: 00:16:29

Health: 22/22      AC:  1    Str: 10    XL:     4   Next: 87%
Magic:  5/5        EV: 17    Int: 16    God:
Gold:   66         SH:  0    Dex: 15    Spells: 3/3 levels left
                                        Lives:  0   Deaths: 2

rFire   . .          .
                       - Unarmed
rCold   . . .        (shield unavailable)
rNeg    . . .        (body armour unavailable)
rPois   .            (helmet unavailable)
rElec   .            (cloak unavailable)
rCorr   .            (gloves unavailable)
SInv    +            (boots unavailable)
Will    .....        (no amulet)
Stlth   +            g - +4 ring of slaying
HPRegen 0.23/turn    l - ring of wizardry
MPRegen 0.09/turn

%: wizardry (x1)
@: beast-form
A: beast (slay +2), very small, claws 1, fangs 3, see invisible, shaggy fur 1,
stealthy paws, no weapons or thrown items, no armour, multi-lived
a: Begin Untransformation


You escaped.
You were a hulking beast.
You visited 1 branch of the dungeon, and saw 4 of its levels.

You collected 66 gold pieces.

Inventory:

Jewellery
 g - a +4 ring of slaying (left paw)
 l - a ring of wizardry (right paw)
 q - a ring of poison resistance
Talismans
 b - a beast talisman
 f - a flux talisman
Scrolls
 c - 6 scrolls of identify {unknown}
 d - 6 scrolls of teleportation {unknown}
 e - a scroll of torment {unknown}
 n - a scroll of fog {unknown}
 p - a scroll of fear {unknown}
 r - a scroll of vulnerability {unknown}
Potions
 a - 2 potions of lignification
 h - a potion of mutation {unknown}
 i - a potion of brilliance {unknown}
 j - a potion of ambrosia {unknown}
 k - a potion of heal wounds {unknown}
 m - 2 potions of berserk rage {unknown}
 o - a potion of resistance {unknown}


   Skills:
 - Level 1.0 Fighting
 - Level 2.6 Dodging
 - Level 3.0 Unarmed Combat
 * Level 4.8 Shapeshifting


You had 3 spell levels left.
You didn't know any spells.
Your spell library was empty.

Dungeon Overview and Level Annotations

Branches:
Dungeon (4/15)
 Temple: D:4-7

Altars:
Elyvilon

Annotations:
D:4 Edmund, Ijyb


Innate Abilities, Weirdness & Mutations

You are a hulking beast.
Your limbs bulge with bestial killing power. (Slay +2)
You have sharp claws.
You have razor-sharp teeth.
You have supernaturally acute eyesight. (SInv)
You are covered in fur. (AC +1)
Your paws help you pounce on unaware monsters.
You are incapable of wielding weapons or throwing items.
You cannot wear armour.
You gain extra lives every three experience levels.


Message History

Your shape twists and changes as you die.
You rejoin the land of the living...
Found 2 gold pieces.
Found a scroll labelled OJYPREDGHOX.
A shadow imp comes into view.
You see here a scroll labelled OJYPREDGHOX.
r - a scroll labelled OJYPREDGHOX Ijyb the Twisted Goblin comes into view.
She is wielding a +0 dagger, wearing a +3 leather armour of willpower and carrying a wand of light.
The shadow imp barely misses you.
You completely miss the shadow imp.
The adder hisses angrily.
Your bite misses the shadow imp. The shadow imp completely misses you.
Ijyb misses you.
You are a level 4 Felid Shapeshifter.
You are 87% of the way to level 5.
You'll get an extra life in 2.13 levels' worth of XP.
Play time: 00:16:11 (2648 turns).
Zot will find you in 26987 turns if you stay in this branch and explore no new floors.
Unknown command.
The shadow imp hits you.
Ijyb zaps a wand.
The bolt of light hits you!
Ouch! That really hurt!
* * * LOW HITPOINT WARNING * * *
The shadow imp completely misses you. Ijyb attacks as she pursues you!
Ijyb hits you with a +0 dagger.
You die...
Your shape twists and changes as you die.
You rejoin the land of the living...
There is a stone staircase leading up here.
You climb upwards.
There is a stone staircase leading down here.
What level of the Dungeon? (default 3, ? - help)
You see here an adder corpse.
There is a stone staircase leading up here.
You climb upwards.
There is a stone staircase leading down here.
There is a stone staircase leading up here.
You climb upwards.
There is a stone staircase leading down here.
There is an open door here.
There is a staircase leading out of the dungeon here.
You have escaped!

..# ##..#####≈§≈≈≈≈§#####..###.##
..###.### #≈≈≈.§§§.≈≈§# ###.##..#
..##.## #...........# ##.##.#
..##.# ######(###### #.##.#
..##.##### ####8'8#### ######.#.#
..#.##...###.........###..≈##.#.#
..#.#....##...........##..§§#.#.#
..#.#....#............'#...≈#.#.#
..#.'...........h.....8'((.≈+...#
..#.#....#............##...≈#.###
..#.#....##...........##..≈≈#.#
..#.##...###.........###..≈##.#
..##.##### ###8'8#8### #####.##
..##.# ######'###### #.# ..##.##
#§)......§..# ##.# .#.##.###
#§§§....)≈≈§# ###.##
...###..#####≈§≈≈≈§≈#####..##


There were no monsters in sight!

Vanquished Creatures
  A sleepcap (D:4)
  3 adders
  A dart slug (D:1)
  A ribbon worm (D:2)
  6 orcs (D:3)
  7 bats
  2 endoplasms
  4 giant cockroaches
  6 goblins
  5 hobgoblins
  4 jackals (D:1)
  4 kobolds (D:1)
  5 quokkas
  4 ball pythons
  3 frilled lizards
  5 rats
61 creatures vanquished.

Notes
Turn   | Place    | Note
-------+----------+-------------------------------------------
     0 | D:1      | avis the Felid Shapeshifter began the quest for the Orb.
     0 | D:1      | Reached XP level 1. HP: 10/10 MP: 2/2
    60 | D:1      | Reached skill level 3 in Shapeshifting
   172 | D:1      | Reached XP level 2. HP: 13/14 MP: 3/3
   742 | D:1      | Reached XP level 3. HP: 18/18 MP: 4/4
  1340 | D:2      | Reached skill level 4 in Shapeshifting
  1427 | D:2      | Found a faded altar of an unknown god.
  2041 | D:3      | Reached XP level 4. HP: 22/22 MP: 5/5
  2041 | D:3      | Gained a life (2 lives remaining)
  2182 | D:3      | Found a white marble altar of Elyvilon.
  2420 | D:4      | Noticed Edmund
  2634 | D:4      | Incinerated by a bombardier beetle
  2634 | D:4      | Lost a life (1 life remaining)
  2646 | D:4      | Noticed Ijyb
  2650 | D:4      | Slain by Ijyb
  2650 | D:4      | Lost a life (0 lives remaining)
  2780 | D:$      | Got out of the dungeon alive.

Illustrated notes

Levels and vault maps discovered:
D:1:      dpeg_arrival_morbid_curiosity, layout_basic
D:2:      layout_loops_ring, ebering_ecumenical_altar_webs
D:3:      layout_rooms, nicolae_elyvilon_peaceful_grove
D:4:      layout_cave_pools, led_xom_imps, uniq_ijyb, uniq_duvessa,
          uniq_natasha, uniq_edmund, uniq_pargi

Skill      XL: |  1  2  3 |
---------------+----------+-----
Shapeshifting  | 3 4 |  4.8
Fighting       | |  1.0
Dodging        | |  2.6
Unarmed Combat | |  3.0

Action                     |  1- 3 |  4- 6 || total
---------------------------+-------+-------++-------
  Melee: Unarmed           |   107 |    30 ||   137
         Punch             |     3 |     1 ||     4
         Bite              |     7 |     3 ||    10
   Stab: Sleeping          |     1 |       ||     1
 Armour: Skin              |    30 |    10 ||    40
  Dodge: Dodged            |    75 |    34 ||   109

Table legend: (Time is in decaauts)
 A = Elapsed time spent in this place.
 B = Non-inter-level travel time spent in this place.
 C = Inter-level travel time spent in this place.
 D = Time resting spent in this place.
 E = Time spent auto-exploring this place.
 F = Levels seen in this place.
 G = Mean time per level.
                   A        B        C        D        E       F      G
               +--------+--------+--------+--------+--------+-----+--------+
         Total |   2777 |   2244 |    533 |    138 |   1442 |   4 |  694.2 |
       Dungeon |   2777 |   2244 |    533 |    138 |   1442 |   4 |  694.2 |
               +--------+--------+--------+--------+--------+-----+--------+

Top non-repeatable levels by time:
     D:1: 1208 daAuts
     D:2: 864 daAuts
     D:3: 613 daAuts
     D:4: 92 daAuts
